 Dungeon Crawl Stone Soup version 0.26-a0-964-g69f9a3b9e2 (webtiles) character file.

Game seed: 10770895826003436681

2916 mhtbhm the Cruncher (level 9, -4/78 HPs)
             Began as a Minotaur Gladiator on Dec 2, 2020.
             Was a Follower of Okawaru.
             Slain by a large slime creature (32 damage)
             ... on level 8 of the Dungeon.
             The game lasted 00:08:58 (6732 turns).

mhtbhm the Cruncher (Minotaur Gladiator)            Turns: 6732, Time: 00:08:59

Health: -4/78      AC: 17    Str: 22    XL:     9   Next: 50%
Magic:  0/9        EV: 10    Int:  5    God:    Okawaru [*.....]
Gold:   581        SH:  0    Dex: 12    Spells: 8/8 levels left

rFire    . . .     SeeInvis .   a - +0 quarterstaff
rCold    . . .     Faith    .   (shield currently unavailable)
rNeg     . . .     Spirit   +   b - +4 chain mail
rPois    .         Reflect  .   c - +0 hat
rElec    .         Harm     .   (no cloak)
rCorr    .         Rampage  .   s - +0 pair of gloves
MR       .....                  v - +0 pair of boots
Stlth    ..........             g - amulet of guardian spirit
HPRegen  0.23/turn              (no ring)
MPRegen  0.11/turn              (no ring)

@: mighty
A: retaliatory headbutt, horns 2
a: Heroism, Renounce Religion


You were on level 8 of the Dungeon.
You worshipped Okawaru.
Okawaru was aware of your devotion.
You visited 2 branches of the dungeon, and saw 9 of its levels.

You collected 581 gold pieces.

Inventory:

Hand Weapons
 a - a +0 quarterstaff (weapon)
Missiles
 d - 2 throwing nets (quivered)
Armour
 b - a +4 chain mail (worn)
 c - a +0 hat (worn)
 s - a +0 pair of gloves (worn)
 v - a +0 pair of boots (worn)
Jewellery
 g - an amulet of guardian spirit (around neck)
 y - an uncursed ring of protection from fire {unknown}
Wands
 z - a wand of enslavement (3)
Scrolls
 e - a scroll of fear
 f - a scroll of immolation
 k - a scroll of enchant weapon {unknown}
 m - 2 scrolls of magic mapping {unknown}
 p - 2 scrolls of teleportation
 r - a scroll of noise {unknown}
 t - 2 scrolls of enchant armour {unknown}
 u - a scroll of remove curse
 w - 2 scrolls of identify
 A - a scroll of blinking {unknown}
Potions
 i - a potion of heal wounds {unknown}
 j - a potion of mutation {unknown}
 l - a potion of curing
 n - a potion of cancellation {unknown}
 o - 4 potions of magic {unknown}
 q - a potion of flight {unknown}
 x - a potion of ambrosia {unknown}


   Skills:
 + Level 6.6 Fighting
 + Level 11.3 Staves
 - Level 2.3 Throwing
 + Level 7.5 Armour
 + Level 4.7 Dodging
 - Level 0.8 Stealth
 * Level 2.5 Invocations


You had 8 spell levels left.
You didn't know any spells.
Your spell library contained the following spells:

 Spells                   Type           Power        Failure   Level
 Magic Dart               Conj           #...         98%         1
 Blink                    Tloc           N/A          99%         2
 Call Imp                 Summ           #.......     99%         2
 Slow                     Hex            #.......     99%         2
 Conjure Flame            Conj/Fire      #.......     100%        3
 Mephitic Cloud           Conj/Pois/Air  #.......     100%        3


Dungeon Overview and Level Annotations

Branches:
Dungeon (8/15)             Temple (1/1) D:6            Lair (0/6) D:8

Altars:
Ashenzari
Cheibriados
Dithmenos
Elyvilon
Gozag
Hepliaklqana
Makhleb
Nemelex Xobeh
Okawaru
Qazlal
Ru
Sif Muna
Trog
Uskayaw
Vehumet
Wu Jian
Xom
Yredelemnul
Zin
The Shining One

Shops:
D:5 :

Annotations:
D:8 Joseph


Innate Abilities, Weirdness & Mutations

You reflexively headbutt those who attack you in melee.
You have a pair of horns on your head.


Message History

Your scorpion dies!
Unknown command.
You feel better.
You are too injured to fight recklessly!
You are too injured to fight recklessly!
You are too injured to fight recklessly!
You are too injured to fight recklessly!
You are too injured to fight recklessly!
Evoke which item? (* to show all) (? for menu, Esc to quit)
Aiming: Enslavement
Press: ? - help, Shift-Dir - straight line, f/p - large slime creature
Aim: a large slime creature (moderately wounded, chance to defeat MR: 28%)
Okay, then.
You hit the large slime creature.
The large slime creature is moderately wounded.
The large slime creature closely misses you.
You bludgeon the large slime creature!! You headbutt the large slime creature.
The large slime creature is heavily wounded.
The large slime creature hits you!!
You die...

J.............##.#...
..................+......
#......#.............P...
..>....'...........PP.P..
#......#.....##..........
#......#.....##.......P..
+......+....##...........
#......##@.......).####
#....J#..#....).'..#
#.#####..#......#.>#
....##.s...# ## #.#
##...##..........P. #.#
#...###.PF........ #.#
#...# #...P.PPP.P.
#.#.######...#
##.....P.... #.#.........
###P...P.#


You could see a large slime creature.

Vanquished Creatures
  Pikel (D:4)
  A slime creature (D:7)
  An orc warrior (D:8)
  A black bear (D:8)
  2 sky beasts
  2 phantoms
  4 ogres
  A centaur (D:5)
  2 lemures (D:4)
  A big kobold (D:7)
  3 bullfrogs
  A scorpion (D:7)
  A howler monkey (D:6)
  2 hounds
  2 bullfrog skeletons
  4 orc priests
  An iguana (D:4)
  An orc wizard (D:6)
  3 centaur skeletons
  Terence (D:3)
  2 worker ants
  A hound zombie (D:7)
  A worker ant zombie (D:5)
  12 gnolls
  8 adders
  A white imp (D:7)
  3 oozes
  An adder zombie (D:5)
  3 worms
  A dart slug (D:1)
  5 leopard geckos
  13 orcs
  6 giant cockroaches
  16 goblins
  9 hobgoblins
  5 quokkas
  A ball python (D:3)
  A ball python skeleton (D:4)
  4 bats
  3 frilled lizards
  10 kobolds
  A leopard gecko zombie (D:6)
  6 rats
148 creatures vanquished.

Vanquished Creatures (collateral kills)
  A giant cockroach (D:8)
1 creature vanquished.

Vanquished Creatures (others)
  An orc warrior (D:8)
  A scorpion (D:8)
  18 fungi (D:8)
  12 plants (D:8)
32 creatures vanquished.

Grand Total: 181 creatures vanquished

Notes
Turn   | Place    | Note
-------+----------+-------------------------------------------
     0 | D:1      | mhtbhm the Minotaur Gladiator began the quest for the Orb.
     0 | D:1      | Reached XP level 1. HP: 18/18 MP: 0/0
   125 | D:1      | Reached XP level 2. HP: 23/25 MP: 1/1
   230 | D:1      | Reached skill level 4 in Staves
   434 | D:1      | Reached XP level 3. HP: 30/30 MP: 2/2
   904 | D:2      | Reached XP level 4. HP: 38/38 MP: 3/3
   910 | D:2      | Reached skill level 1 in Armour
   954 | D:2      | Reached skill level 5 in Staves
  1611 | D:3      | Reached XP level 5. HP: 45/45 MP: 4/4
  1787 | D:3      | Noticed Terence
  1803 | D:3      | Killed Terence
  1804 | D:3      | Reached skill level 6 in Staves
  2540 | D:4      | Reached XP level 6. HP: 30/51 MP: 3/5
  2554 | D:4      | Found a stormy altar of Qazlal.
  2556 | D:5      | Entered Level 5 of the Dungeon
  2763 | D:5      | Reached skill level 7 in Staves
  2812 | D:5      | Found Logg's Book Emporium.
  3432 | D:4      | Reached XP level 7. HP: 47/58 MP: 3/6
  3434 | D:4      | Reached skill level 8 in Staves
  3597 | D:4      | Got an ichor-stained ring mail
  3603 | D:4      | Identified the +0 ring mail of the True Pharaoh {Int+4}
                  | (You found it on level 4 of the Dungeon)
  3701 | D:4      | Noticed Pikel
  3732 | D:4      | Killed Pikel
  3733 | D:4      | Reached skill level 9 in Staves
  3733 | D:4      | Reached XP level 8. HP: 46/67 MP: 7/7
  3843 | D:4      | Reached skill level 5 in Armour
  4395 | D:6      | Reached skill level 5 in Fighting
  4395 | D:6      | Reached skill level 10 in Staves
  4578 | D:6      | Found a staircase to the Ecumenical Temple.
  4629 | Temple   | Entered the Ecumenical Temple
  4757 | Temple   | Became a worshipper of Elyvilon the Healer
  4818 | D:6      | Found a shadowy altar of Dithmenos.
  5239 | D:7      | Found an opulent altar of Gozag.
  5342 | D:7      | Found a burning altar of Makhleb.
  5342 | D:7      | Found an iron altar of Okawaru.
  5367 | D:7      | Fell from the grace of Elyvilon
  5367 | D:7      | Became a worshipper of Warmaster Okawaru
  5578 | D:7      | Reached XP level 9. HP: 75/75 MP: 8/8
  6011 | D:8      | Reached skill level 11 in Staves
  6074 | D:8      | Noticed a komodo dragon
  6080 | D:8      | Noticed Joseph
  6086 | D:8      | Reached skill level 1 in Invocations
  6111 | D:8      | Found a staircase to the Lair.
  6122 | D:8      | Reached * piety under Okawaru
  6412 | D:7      | Killed a large slime creature
  6732 | D:8      | Slain by a large slime creature

Illustrated notes

Levels and vault maps discovered:
D:1:      lemuel_arrival_broad_hall, layout_loops_ring, minmay_pentomino_z4
D:2:      layout_basic, chequers_serial_rivers_room_b
D:3:      layout_loops_ring, uniq_terence
D:4:      layout_basic, grunt_qazlal_clouds, minmay_quadrilaterals, uniq_pikel
D:5:      layout_loops_ring, serial_shops, shop
D:6:      layout_rooms, nicolae_overflow_hidden_temple,
          nicolae_dithmenos_through_a_glass_darkly, minmay_temple_entry_glass,
          minmay_misc_feat_hallway
D:7:      layout_loops_ring, grunt_temple_overflow_open
D:8:      kennysheep_orc_sif_temple, layout_basic,
          nicolae_overflow_crystal_walls, grunt_lair_entry_orc_guard_hut,
          uniq_joseph
Temple:   regret_index_temple_waves

Skill      XL: |  1  2  3  4  5  6  7  8  9 |
---------------+----------------------------+-----
Staves         | 4 5 6 7 9 10 11 | 11.3
Fighting       | 3 4 6 |  6.6
Armour         | 1 2 3 4 6 7 |  7.5
Dodging        | 4 |  4.7
Invocations    | 2 |  2.5
Throwing       | |  2.3
Stealth        | |  0.8

Action                   |  1- 3 |  4- 6 |  7- 9 || total
-------------------------+-------+-------+-------++-------
Melee: Quarterstaff      |    74 |   144 |   258 ||   476
       Headbutt          |    12 |    26 |    67 ||   105
Throw: Throwing net      |       |     2 |     4 ||     6
Evoke: Wand              |       |       |     5 ||     5
  Use: Scroll            |       |     8 |     2 ||    10
       Potion            |       |     2 |     3 ||     5
 Stab: Held in net/web   |       |       |     4 ||     4
Armor: Chain mail        |    42 |    74 |   129 ||   245
       Ring mail         |       |       |     2 ||     2
Dodge: Dodged            |    32 |    77 |   112 ||   221

Table legend: (Time is in decaauts)
 A = Elapsed time spent in this place.
 B = Non-inter-level travel time spent in this place.
 C = Inter-level travel time spent in this place.
 D = Time resting spent in this place.
 E = Time spent auto-exploring this place.
 F = Levels seen in this place.
 G = Mean time per level.
                   A        B        C        D        E       F      G
               +--------+--------+--------+--------+--------+-----+--------+
         Total |   6674 |   6607 |     67 |   1625 |   3588 |   9 |  741.6 |
       Dungeon |   6500 |   6433 |     67 |   1625 |   3498 |   8 |  812.5 |
        Temple |    173 |    173 |      0 |      0 |     90 |   1 |  173.0 |
               +--------+--------+--------+--------+--------+-----+--------+

Top non-repeatable levels by time:
     D:7: 1250 daAuts
     D:4: 1013 daAuts
     D:3: 985 daAuts
     D:5: 868 daAuts
     D:1: 754 daAuts
     D:2: 737 daAuts
     D:6: 652 daAuts
     D:8: 239 daAuts
  Temple: 173 daAuts
